cohdb
Replays
Latest Replays
All Replays
Popular Replays
Top Player Replays
Match Explorer
How It Works
Community
CoH3 Stats
Reddit
Sign in to upload your games and track your stats! →
Sign in with Steam
Match 40429534
Unlisted
Match 40429534
Overview
Messages
Build Orders
End
Scout Squad
Construct Barracks
1⁄4-ton 4x4 Truck
Riflemen Squad
Engineer Squad
Construct Weapon Support Center
Selects Heavy Weapons
Selects M2HB .50cal Heavy Machine Gun
M1919 Machine Gun Team
Construct Medical Station
Selects Assault Carriers
Bazooka Squad
Bazooka Squad
Grenade Package
Improved M9 Bazooka Rockets
Mechanized Support Center
Construct Tank Depot
M4A1 Sherman Medium Tank
M4A1 Sherman Medium Tank
M4A1 76mm Conversion
Rapid Repairs
Designate Forward Repair Station
Parmenides
Mr.Larry.Mx
markaren
Hubcik タップ日
M4X
I Wumbo, You Wumbo
Unsafe
Nakovalny
0
0
Comments
sign in to comment!
No comments posted yet!